 Seeded DCSS version 0.30-a0-916-g9813417 (webtiles) character file.

Game seed: 3115324175452154900 (custom seed)

576 Illumine the Magician (level 7, -5/32 HPs)
             Began as a Spriggan Venom Mage on Apr 12, 2023.
             Was an Initiate of Gozag.
             Slain by a phantom (6 damage)
             ... on level 5 of the Dungeon.
             The game lasted 00:09:47 (6380 turns).

Illumine the Magician (Spriggan Venom Mage)         Turns: 6380, Time: 00:09:48

Health: -5/32      AC:  2    Str:  2 (4)  XL:     7   Next: 12%
Magic:  13/15      EV: 17    Int: 18 (19) God:    Gozag
Gold:   623        SH:  0    Dex: 13 (15) Spells: 5/15 levels left

rFire   . . .      SeeInvis +    s - +2 dagger (elec)
rCold   . . .      Faith    .    (no shield)
rNeg    . . .      Spirit   .    a - +0 robe
rPois   .          Reflect  .    (helmet restricted)
rElec   .          Rampage  .    (no cloak)
rCorr   .                        (gloves unavailable)
Will    +....                    (boots unavailable)
Stlth   +                        (no amulet)
HPRegen 0.25/turn                (no ring)
MPRegen 0.14/turn                (no ring)

@: confused, flying, very slightly contaminated, very quick
A: very small, no large weapons, unfitting armour, see invisible, speed 3
a: Renounce Religion, Potion Petition, Call Merchant, Bribe Branch


You were on level 5 of the Dungeon.
You worshipped Gozag.
Gozag was pleased with you.
You visited 1 branch of the dungeon, and saw 5 of its levels.

You collected 675 gold pieces.
You paid 52 gold pieces to Gozag.

Inventory:

Hand Weapons
 s - a +2 dagger of electrocution (weapon)
Armour
 a - a +0 robe (worn)
Jewellery
 r - a ring of fire
Wands
 g - a wand of charming (9)
 q - a wand of light (7)
Scrolls
 c - 5 scrolls of identify {unknown}
 d - 3 scrolls of fear {unknown}
 f - a scroll of summoning {unknown}
 i - a scroll of immolation {unknown}
 k - a scroll of amnesia {unknown}
 m - a scroll of teleportation {unknown}
 n - a scroll of fog {unknown}
 o - a scroll of magic mapping {unknown}
 p - 3 scrolls of enchant weapon {unknown}
Potions
 b - a potion of magic
 e - a potion of invisibility {unknown}
 h - a potion of flight
 j - a potion of might {unknown}
 l - 2 potions of degeneration
 t - a potion of haste {unknown}


   Skills:
 + Level 0.0 Fighting
 + Level 1.8 Short Blades
 + Level 3.0 Dodging
 - Level 3.2 Stealth
 + Level 4.8 Spellcasting
 * Level 2.0 Conjurations
 - Level 2.0 Transmutations
 + Level 3.5 Air Magic
 + Level 4.6 Poison Magic


You had 5 spell levels left.
You knew the following spells:

 Your Spells              Type           Power      Damage    Failure   Level
a - Sting                 Tmut/Pois      64%        1d6       3%          1
b - Poisonous Vapours     Pois/Air       38%        N/A       3%          2
c - Mephitic Cloud        Conj/Pois/Air  16%        N/A       10%         3
d - Olgreb's Toxic Radia  Pois           21%        N/A       21%         4

Your spell library contained the following spells:

 Spells                   Type           Power      Damage    Failure   Level
 Freeze                   Ice            16%        1d4       14%         1
 Summon Small Mammal      Summ           16%        N/A       14%         1
 Hailstorm                Conj/Ice       8%         3d4       26%         3
 Call Canine Familiar     Summ           4%         N/A       38%         3
 Frozen Ramparts          Ice            8%         1d2       38%         3
 Summon Guardian Golem    Hex/Summ       4%         N/A       38%         3
 Passage of Golubria      Tloc           4%         N/A       80%         4
 Silence                  Hex/Air        5%         N/A       88%         5
 Lehudib's Crystal Spear  Conj/Erth      4%         10d3      100%        8


Dungeon Overview and Level Annotations

Branches:
Dungeon (5/15)
 Temple: D:4-7

Altars:
Gozag
Ru


Innate Abilities, Weirdness & Mutations

You are very small and have problems with some larger weapons.
You are too small for most types of armour.
You have supernaturally acute eyesight. (SInv)
You cover ground extremely quickly. (Speed+++)


Message History

You completely miss the phantom.
The phantom is heavily damaged.
The phantom hits you.
The phantom blinks!
You blink.
You closely miss the phantom.
The phantom is heavily damaged.
You barely miss the phantom.
The phantom is heavily damaged.
The phantom hits you.
The phantom blinks!
You blink.
You hit the phantom.
The phantom is heavily damaged.
The phantom hits you!
* * * LOW HITPOINT WARNING * * *
The phantom blinks!
You blink.
Casting: Sting (safe; 3% risk of failure)
Confirm with . or Enter, or press ? or * to list all spells.
Aiming: Sting (safe; 3% risk of failure)
Press: ? - help, Shift-Dir - straight line, f/p - phantom
Aim: a phantom (heavily damaged, 64% to hit)
You miscast Sting.
You are very lightly contaminated with residual magic.
Nothing appears to happen.
The orc wizard shouts!
The phantom closely misses you. The orc wizard casts a spell at you.
You are confused.
Unknown command.
The orc wizard gestures at you while chanting.
The magic dart hits you.
* * * LOW HITPOINT WARNING * * *
Unknown command.
It was a potion of degeneration.
There was something very wrong with that liquid.
You feel weakened.
You feel dopey.
You feel clumsy. The phantom hits you.
* * * LOW HITPOINT WARNING * * *
It was a potion of flight.
You feel very buoyant.
You fly up into the air.
The phantom hits you.
You die...
Your body crumbles into a pile of gold.

...##..#..................##
#..#
....................####.##
#..# ###...........(....#
###.# #..# #
###..............###...##
#..#
.###........o.........?...#
####
.#.......................##
........................#.#
............................
..............<.@W.....#..###
...#..................##..#
..##...............#.#.####
..###..........######..
.####.........## ##
...##........##
..........#..####
####.........#... #
##............


You could see a phantom and an orc wizard.

Vanquished Creatures
  4 scorpions
  4 hounds
  2 iguanas
  A sleepcap (D:5)
  2 adders (D:5)
  An ufetubus (D:5)
  3 worms
  2 dart slugs (D:1)
  9 orcs
  3 ball pythons (D:1)
  6 bats
  6 endoplasms
  6 giant cockroaches
  7 goblins
  6 hobgoblins
  10 jackals
  7 kobolds
  6 quokkas
  2 frilled lizards (D:1)
  3 rats
90 creatures vanquished.

Vanquished Creatures (others)
  A plant (D:1)
1 creature vanquished.

Grand Total: 91 creatures vanquished

Notes
Turn   | Place    | Note
-------+----------+-------------------------------------------
     0 | D:1      | Illumine the Spriggan Venom Mage began the quest for the
                  | Orb.
     0 | D:1      | Reached XP level 1. HP: 9/9 MP: 5/5
   332 | D:1      | Reached XP level 2. HP: 13/13 MP: 3/6
   335 | D:1      | Learned a level 2 spell: Poisonous Vapours
  1272 | D:1      | Reached XP level 3. HP: 16/16 MP: 4/8
  1279 | D:1      | Learned a level 3 spell: Mephitic Cloud
  1563 | D:2      | Found an opulent altar of Gozag.
  1597 | D:2      | Became a worshipper of Gozag Ym Sagoz the Greedy
  1980 | D:2      | Reached skill level 1 in Air Magic
  2866 | D:3      | Noticed an ice beast
  2957 | D:3      | Noticed a scorpion
  2972 | D:3      | Killed a scorpion
  2973 | D:3      | Reached XP level 4. HP: 21/21 MP: 4/10
  3269 | D:3      | Reached XP level 5. HP: 16/24 MP: 1/12
  4465 | D:4      | Found a sacrificial altar of Ru.
  4749 | D:4      | Reached skill level 1 in Conjurations
  4749 | D:4      | Reached XP level 6. HP: 28/28 MP: 6/13
  5091 | D:5      | Entered Level 5 of the Dungeon
  5543 | D:5      | Reached skill level 1 in Short Blades
  6049 | D:5      | Learned a level 4 spell: Olgreb's Toxic Radiance
  6136 | D:5      | Reached XP level 7. HP: 32/32 MP: 9/15
  6379 | D:5      | HP: 1/32 [phantom (1)]
  6380 | D:5      | Slain by a phantom

Illustrated notes

Levels and vault maps discovered:
D:1:      lemuel_arrival_behind_the_door_large, layout_loops_corners,
          serial_forest, infiniplex_forest_clump_curved,
          infiniplex_forest_end_2, infiniplex_forest_clump_long,
          infiniplex_forest_lined_3, infiniplex_forest_clump_large,
          infiniplex_forest_clump_cross, infiniplex_forest_clump_medium,
          roderic_serpentine_path
D:2:      layout_basic, basic_altar, grunt_ministairs_15
D:3:      layout_basic, corexii_item_surrounded_by_moat, minmay_misc_feat_roman
D:4:      layout_basic, nicolae_ru_awakened_eye, minivault_19,
          chequers_serial_rivers_micro_b, hangedman_feature_mirror, st_stairs_9
D:5:      layout_layer_cave

Skill      XL: |  1  2  3  4  5  6  7 |
---------------+----------------------+-----
Dodging        | 3 |  3.0
Spellcasting   | 3 4 |  4.8
Transmutations | 2 |  2.0
Air Magic      | 2 3 |  3.5
Poison Magic   | 4 |  4.6
Conjurations   | 1 2 |  2.0
Short Blades   | 1 |  1.8
Stealth        | |  3.2

Action                     |  1- 3 |  4- 6 |  7- 9 || total
---------------------------+-------+-------+-------++-------
  Melee: Short sword       |       |    22 |       ||    22
         Dagger            |       |    35 |    15 ||    50
         Punch             |       |       |     1 ||     1
   Cast: Sting             |    85 |    11 |     3 ||    99
         Poisonous Vapours |       |    93 |     3 ||    96
    Use: Potion            |       |       |     2 ||     2
   Stab: Distracted        |       |     1 |       ||     1
 Armour: Robe              |       |     5 |     2 ||     7
  Dodge: Dodged            |    19 |    57 |     6 ||    82

Table legend: (Time is in decaauts)
 A = Elapsed time spent in this place.
 B = Non-inter-level travel time spent in this place.
 C = Inter-level travel time spent in this place.
 D = Time resting spent in this place.
 E = Time spent auto-exploring this place.
 F = Levels seen in this place.
 G = Mean time per level.
                   A        B        C        D        E       F      G
               +--------+--------+--------+--------+--------+-----+--------+
         Total |   4838 |   4777 |     61 |    536 |   3370 |   5 |  967.6 |
       Dungeon |   4838 |   4777 |     61 |    536 |   3370 |   5 |  967.6 |
               +--------+--------+--------+--------+--------+-----+--------+

Top non-repeatable levels by time:
     D:4: 1350 daAuts
     D:1: 1075 daAuts
     D:2: 912 daAuts
     D:5: 888 daAuts
     D:3: 610 daAuts
